 Dungeon Crawl Stone Soup version 0.22.1-2-g9c5b331383 (webtiles) character file.

286392 Gargoyl the Severer (level 20, -9/178 HPs)
             Began as a Centaur Abyssal Knight on Nov 22, 2018.
             Was a High Priest of Lugonu.
             Blown up by Boris (16 damage)
             ... with a wavering orb of destruction
             ... on level 2 of the Vaults.
             The game lasted 01:32:12 (44160 turns).

Gargoyl the Severer (Centaur Abyssal Knight)       Turns: 44160, Time: 01:32:12

Health: -9/178     AC: 49    Str: 21    XL:     20   Next: 19%
Magic:  32/32      EV:  1    Int: 13    God:    Lugonu [*****.]
Gold:   1304       SH:  0    Dex: 12    Spells: 19/19 levels left

rFire    + + .     SeeInvis +   E - +3 eudemon blade (holy)
rCold    + . .     Gourm    .   l - +0 buckler {reflect}
rNeg     + . .     Faith    .   H - +2 crystal plate armour
rPois    +         Spirit   .   U - +2 hat "Pynaeck" {rC+ SInv}
rElec    +         Reflect  +   b - +2 cloak of Oblivion {rF+}
rCorr    .         Harm     .   e - +2 pair of gloves
MR       ++...                  B - +10 Black Knight's horse barding {ponderous, rPois rN+}
Stlth    ..........             g - amulet of regeneration
HPRegen  0.79/turn              x - ring of protection from magic
MPRegen  0.23/turn              M - ring of Pessimism {rElec rPois Int+2 Slay+2}

@: confused, slowed, drained, slow
A: large, hooves 3, yellow scales 1, deformed body, fire resistance 1, speed 2,
tough skin 3
}: 1/15 runes: serpentine
a: Depart the Abyss, Bend Space, Banish, Corrupt, Enter the Abyss, Renounce
Religion


You were on level 2 of the Vaults.
You worshipped Lugonu.
Lugonu was extremely pleased with you.
You were not hungry.

You visited 6 branches of the dungeon, and saw 33 of its levels.
You visited the Abyss 4 times.
You also visited: Labyrinth.

You collected 3410 gold pieces.
You spent 2106 gold pieces at shops.

Inventory:

Hand Weapons
 i - the +7 war axe of Disgust {chop, Str+4 Dex+5}
   (You found it on level 11 of the Dungeon)

   It inflicts extra damage upon your enemies.
   It affects your strength (+4).
   It affects your dexterity (+5).
 p - a +7 battleaxe
 z - a +6 hand axe
 E - a +3 eudemon blade of holy wrath (weapon)
 F - a +8 war axe
Missiles
 y - 66 tomahawks
 O - 9 javelins of penetration (quivered)
Armour
 b - the +2 cloak of Oblivion (worn) {rF+}
   (You found it on level 5 of the Lair of Beasts)

   It protects you from fire.
 e - a +2 pair of gloves (worn)
 l - a +0 buckler of reflection (worn)
 B - the +10 Black Knight's horse barding (worn) {ponderous, rPois rN+}
   (You acquired it on level 7 of the Dungeon)

   It protects you from poison.
   It protects you from negative energy.
 H - a +2 crystal plate armour (worn)
 Q - the +2 hat of Life {MR+}
   (You found it on level 4 of the Snake Pit)

   It affects your resistance to hostile enchantments.
 U - the +2 hat "Pynaeck" (worn) {rC+ SInv}
   (You found it on level 2 of the Orcish Mines)

   It protects you from cold.
   It lets you see invisible.
Jewellery
 g - an amulet of regeneration (around neck)
 q - a +4 amulet of reflection
 s - an uncursed ring of positive energy
 x - a ring of protection from magic (left hand)
 L - the ring "Vobost" {rF+ rC+}
   (You bought it in a shop on level 2 of the Snake Pit)

   [ring of protection from fire]

   It protects you from fire.
   It protects you from cold.
 M - the ring of Pessimism (right hand) {rElec rPois Int+2 Slay+2}
   (You bought it in a shop on level 2 of the Snake Pit)

   [ring of intelligence]

   It affects your intelligence (+2).
   It affects your accuracy and damage with ranged weapons and melee attacks
   (+2).
   It insulates you from electricity.
   It protects you from poison.
 X - a +6 ring of strength
Wands
 a - a wand of flame (76)
 n - a wand of scattershot (6)
 C - a wand of random effects (30)
 J - a wand of iceblast (5)
 P - a wand of enslavement (10)
 R - a wand of disintegration (10)
 S - a wand of digging (10)
Scrolls
 f - 20 scrolls of remove curse
 o - 6 scrolls of fog
 v - 14 scrolls of teleportation
 D - 9 scrolls of magic mapping
 G - 6 scrolls of blinking
 I - 7 scrolls of amnesia
 K - a scroll of identify
 T - a scroll of enchant weapon
 W - 2 scrolls of fear
Potions
 h - a potion of invisibility
 j - a potion of mutation
 k - 3 potions of ambrosia
 m - 5 potions of might
 r - a potion of resistance
 t - a potion of cancellation
 u - 4 potions of flight
 w - 7 potions of brilliance
 N - 3 potions of magic
Comestibles
 c - 49 rations


   Skills:
 + Level 15.2(14.6) Fighting
 + Level 1.6(1.2) Long Blades
 + Level 17.6(17.0) Axes
 + Level 3.4(3.0) Throwing
 * Level 15.3(14.7) Armour
 + Level 2.7(2.3) Dodging
 + Level 8.2(7.7) Shields
 * Level 17.0(16.4) Invocations


You had 19 spell levels left.
You didn't know any spells.
Your spell library contained the following spells:

 Spells                   Type           Power        Failure   Level  Hunger
 Animate Skeleton         Necr           N/A          100%        1    ##.....
 Apportation              Tloc           #.....       100%        1    ##.....
 Beastly Appendage        Tmut           #.....       100%        1    ##.....
 Confusing Touch          Hex            #.....       100%        1    ##.....
 Corona                   Hex            #......      100%        1    ##.....
 Magic Dart               Conj           #...         100%        1    ##.....
 Pain                     Necr           #...         100%        1    ##.....
 Summon Butterflies       Summ           #.......     100%        1    ##.....
 Summon Small Mammal      Summ           #...         100%        1    ##.....
 Blink                    Tloc           N/A          100%        2    ###....
 Call Imp                 Summ           #.......     100%        2    ###....
 Ensorcelled Hibernation  Hex/Ice        #.....       100%        2    ###....
 Passwall                 Tmut/Erth      #.......     100%        2    ###....
 Searing Ray              Conj           #.....       100%        2    ###....
 Slow                     Hex            #.......     100%        2    ###....
 Sticks to Snakes         Tmut           #.......     100%        2    ###....
 Sublimation of Blood     Necr           #.........   100%        2    ###....
 Swiftness                Chrm/Air       #.......     100%        2    ###....
 Confuse                  Hex            #.......     100%        3    ####...
 Conjure Flame            Conj/Fire      #.......     100%        3    ####...
 Dazzling Spray           Conj/Hex       #.....       100%        3    ####...
 Gell's Gravitas          Tloc           #.........   100%        3    ####...
 Ignite Poison            Fire/Tmut/Pois #.......     100%        3    ####...
 Lesser Beckoning         Tloc           #.........   100%        3    ####...
 Mephitic Cloud           Conj/Pois/Air  #.......     100%        3    ####...
 Regeneration             Chrm/Necr      #.........   100%        3    ####...
 Spider Form              Tmut/Pois      #.........   100%        3    ####...
 Tukima's Dance           Hex            #.......     100%        3    ####...
 Vampiric Draining        Necr           #.........   100%        3    ####...
 Animate Dead             Necr           N/A          100%        4    #####..
 Force Lance              Conj/Tloc      #.......     100%        4    #####..
 Fulminant Prism          Conj/Hex       #.........   100%        4    #####..
 Ice Form                 Ice/Tmut       #.......     100%        4    #####..
 Iskenderun's Mystic Bla  Conj           #.......     100%        4    #####..
 Passage of Golubria      Tloc           N/A          100%        4    #####..
 Petrify                  Tmut/Erth      #.......     100%        4    #####..
 Alistair's Intoxication  Tmut/Pois      #.......     100%        5    ######.
 Blade Hands              Tmut           #.........   100%        5    ######.
 Irradiate                Conj/Tmut      #.........   100%        5    ######.
 Lee's Rapid Deconstruct  Erth           #.........   100%        5    ######.
 Metabolic Englaciation   Hex/Ice        #.........   100%        5    ######.
 Yara's Violent Unravell  Hex/Tmut       #.........   100%        5    ######.
 Darkness                 Hex            #.........   100%        6    #######
 Invisibility             Hex            #.......     100%        6    #######


Dungeon Overview and Level Annotations

Branches:
Dungeon (15/15)            Temple (0/1) D:6            Lair (6/6) D:9
 Shoals (0/4) Lair:4        Snake (4/4) Lair:4        Slime (0/5) Lair:6
    Orc (2/2) D:10            Elf (0/3) Orc:2        Vaults (5/5) D:14
  Crypt (1/3) Vaults:2     Depths (0/5) D:15

Altars:
Elyvilon
Gozag
Makhleb
Nemelex Xobeh
Trog
Uskayaw
Vehumet
Yredelemnul
Zin
The Shining One
Beogh
Jiyva

Shops:
D:9 }   D:13 *   Orc:2 [(([   Snake:1 ?   Snake:2 =}=   Vaults:4 }

Annotations:
Lair:2 exclusion: ice statue
Vaults:2 Boris
Vaults:5 corrupted


Innate Abilities, Weirdness & Mutations

You have hooves in place of feet.
Armour fits poorly on your strangely shaped body.
You cover ground very quickly.
You have extremely tough skin. (AC +3)
You are partially covered in yellow scales. (AC +2)
Your flesh is heat resistant. (rF+)


Message History

The skeletal warrior hits you but does no damage.
Okay, then.
You are confused.
You feel invigorated. Boris hits you but does no damage.
Boris touches you but does no damage.
The freezing wraith hits you but does no damage. x2
The skeletal warrior hits you with a halberd.
* * * LOW HITPOINT WARNING * * *
Boris conjures an orb of pure magic.
The wavering orb of destruction weakly hits you!
* * * LOW HITPOINT WARNING * * *
The freezing wraith hits you but does no damage. x2
Okay, then.
You're too confused!
Your hearing returns.
The skeletal warrior hits you from afar with a halberd.
* * * LOW HITPOINT WARNING * * *
Boris conjures a glowing orb.
The wavering orb of destruction weakly hits you!
You die...

.#.......##.###.###.##...'......#
.###'######.###.###.##...#......#
.........#...#...#...'...#......#
.........#...#...#...#...########
.........##'############.........
..........#..........((#.........
....#######..#####..##(#.........
....#.....'.##...####..##'#####..
....##...##.#..W@.....('......#..
....##...##.#..>L.#..(.#......#..
....#..⌠..#.#...z......#......#..
....##...##.##...####..#......#..
....##...##..#####..##.#......#..
....#..⌠..#............#......#..
#...##...######'###############..
#...##...##..#......#............
#...#.....+..#......#.......!....


You could see Boris (invisible), a skeletal warrior and a freezing wraith.

Vanquished Creatures
  Mennas (Vaults:4)
  Mara (Vaults:4)
  Vashnia (Snake:4)
  Margery (Vaults:4)
  3 liches
  A tentacled starspawn (Abyss:1)
  Kirke (Lair:4)
  The ghost of hurdos the Severer, an adept DDBe of Makhleb (Snake:2)
  A draconian monk (Abyss:1)
  Agnes (D:15)
  14 nagarajas
  A tengu reaver (Vaults:4)
  8 vault wardens
  3 fire giants
  An orc warlord (Orc:1)
  4 stone giants
  4 very ugly things (Vaults:4)
  2 war gargoyles
  7 ironheart preservers
  A vampire knight (Vaults:2)
  Nessos (Lair:4)
  An entropy weaver (Vaults:1)
  Azrael (D:14)
  5 fire dragons
  3 ettins
  6 yaktaur captains
  A jiangshi (Crypt:1)
  8 vault guards
  Josephine (D:13)
  3 great orbs of eyes
  4 ice dragons
  A rakshasa (Vaults:1)
  24 naga warriors
  5 anacondas
  30 two-headed ogres
  8 ogre magi
  2 death knights
  8 centaur warriors
  A vampire mage (Crypt:1)
  A tengu warrior (D:14)
  Urug (D:13)
  2 deep troll earth magi
  24 naga sharpshooters
  A shock serpent (Snake:2)
  6 deep elf knights
  2 hell knights (Vaults:4)
  3 salamander mystics
  2 shadow wraiths
  2 fire crabs
  2 glowing orange brains (Vaults:2)
  A spectral anaconda (Snake:2)
  10 skeletal warriors
  3 naga ritualists
  2 large abominations (Abyss:1)
  3 unseen horrors
  3 wizards
  10 starcursed masses (Abyss:1)
  A shadow dragon zombie (Abyss:1)
  An orange crystal statue (Vaults:1)
  2 phantasmal warriors (Vaults:4)
  8 deep trolls
  2 deep elf archers
  10 orc knights
  3 necromancers
  8 harpies
  14 ironbrand convokers
  9 mana vipers
  2 wolf spiders (Vaults:1)
  7 cyclopes
  A cyclops (shapeshifter) (Vaults:3)
  7 deep elf magi
  4 manticores
  5 orc sorcerers
  14 ugly things
  A frost giant zombie (Crypt:1)
  12 salamanders
  19 black mambas
  3 smoke demons (Abyss:1)
  9 guardian serpents
  13 naga magi
  A rust devil (Abyss:1)
  5 centaur zombies
  13 spiny frogs
  2 molten gargoyles (Lair:6)
  A gargoyle (D:15)
  12 vault sentinels
  2 efreet (D:15)
  5 komodo dragons
  27 yaktaurs
  An anaconda simulacrum (Snake:2)
  9 freezing wraiths
  3 guardian mummies (Crypt:1)
  A harpy zombie (Crypt:1)
  6 meliai (D:15)
  A queen bee (D:15)
  9 trolls
  3 polar bears
  A hornet (shapeshifter) (D:12)
  13 blink frogs (Lair:5)
  A hornet (D:12)
  A hydra skeleton (Crypt:1)
  29 slime creatures
  11 hippogriffs
  A snapping turtle (Lair:4)
  A spectral black mamba (Snake:2)
  10 redbacks
  A ynoxinul (Abyss:1)
  4 shadows
  A tarantella (Vaults:1)
  A spriggan (shapeshifter) (D:13)
  A tarantella (shapeshifter) (D:14)
  4 wyverns
  19 yaks
  A fire bat (Lair:5)
  3 fire elementals
  A human (D:9)
  10 wraiths
  9 basilisks
  5 spectral nagas (Snake:2)
  8 hogs
  3 steam dragons
  3 vampire mosquitoes (D:14)
  2 chaos spawn (Abyss:1)
  5 wargs
  4 hungry ghosts
  2 human simulacra
  77 nagas
  A soldier ant (D:10)
  3 acid dragons
  11 water moccasins
  11 hell hounds
  9 porcupines
  A swamp drake (Orc:2)
  12 ice beasts
  43 orc warriors
  3 black bears
  A black bear (shapeshifter) (D:14)
  2 necrophages (D:10)
  4 sky beasts
  24 ogres
  3 boggarts (Vaults:3)
  3 eyes of draining
  11 crocodiles
  23 wolves
  21 centaurs
  A big kobold (D:12)
  13 bullfrogs
  10 scorpions
  24 killer bees
  5 electric eels
  3 small abominations (Abyss:1)
  22 wights
  4 howler monkeys
  8 crimson imps
  A salamander simulacrum (Snake:2)
  9 lava snakes
  2 quasits (Abyss:1)
  5 hounds
  3 jellies
  A bullfrog zombie (D:8)
  31 orc wizards
  14 orc priests
  2 human zombies (Crypt:1)
  2 bullfrog skeletons
  5 centaur skeletons
  An iron imp (Orc:2)
  A gnoll shaman (D:6)
  2 iguanas (D:7)
  14 worker ants
  2 naga simulacra (Snake:2)
  A hound skeleton (D:10)
  5 mummies (Crypt:1)
  A worker ant zombie (D:5)
  17 gnolls
  8 adders
  4 shadow imps
  3 white imps
  3 oozes
  An adder skeleton (D:9)
  2 worms
  2 dart slugs (D:1)
  7 leopard geckos
  117 orcs
  4 ball pythons (Snake:3)
  7 giant cockroaches
  7 goblins
  7 hobgoblins
  5 jackals
  10 kobolds
  A quokka (D:11)
  10 bats
  6 frilled lizards
  8 rats
  A bush (Lair:6)
  3 fungi
  4 plants
1351 creatures vanquished.

Vanquished Creatures (others)
  3 hydras
  An anaconda (Snake:2)
  A death knight (D:14)
  A shock serpent (Snake:1)
  A black mamba (Lair:6)
  A yaktaur (Vaults:3)
  A centaur (D:13)
  An orc priest (Vaults:3)
  A bush (Lair:6)
  16 fungi
  6 plants
33 creatures vanquished.

Grand Total: 1384 creatures vanquished

Notes
Turn   | Place    | Note
-------+----------+-------------------------------------------
     0 | Abyss:1  | Gargoyl the Centaur Abyssal Knight began the quest for the
                  | Orb.
     0 | Abyss:1  | Reached XP level 1. HP: 19/19 MP: 2/2
   175 | Abyss:1  | Noticed a large abomination
   178 | Abyss:1  | Noticed a starcursed mass
   181 | Abyss:1  | Noticed a worldbinder
   200 | Abyss:1  | Noticed a small abomination
   206 | Abyss:1  | Noticed a dream sheep
   206 | Abyss:1  | Noticed a dream sheep
   206 | Abyss:1  | Noticed a dream sheep
   211 | Abyss:1  | Found a corrupted altar of Lugonu.
   244 | Abyss:2  | Noticed a large abomination
   263 | Abyss:2  | Noticed a vampire mage
   265 | Abyss:2  | Noticed a hungry ghost
   265 | Abyss:2  | Noticed a flying skull
   265 | Abyss:2  | Noticed a flayed ghost
   267 | D:1      | Escaped the Abyss
   557 | D:1      | Reached XP level 2. HP: 26/26 MP: 3/3
   590 | D:1      | Reached * piety under Lugonu
   989 | D:1      | Reached XP level 3. HP: 29/31 MP: 4/4
  1003 | D:1      | Reached skill level 1 in Dodging
  1736 | D:2      | Reached ** piety under Lugonu
  2379 | D:3      | Reached XP level 4. HP: 37/38 MP: 5/5
  3074 | D:4      | Reached XP level 5. HP: 38/45 MP: 5/7
  3891 | D:5      | Entered Level 5 of the Dungeon
  4055 | D:5      | Reached XP level 6. HP: 40/51 MP: 8/8
  4496 | D:5      | Reached *** piety under Lugonu
  4552 | D:5      | Reached XP level 7. HP: 19/58 MP: 9/9
  5595 | D:6      | Reached XP level 8. HP: 51/66 MP: 11/11
  5985 | D:6      | Found a sparkling altar of Nemelex Xobeh.
  6015 | D:6      | Found a staircase to the Ecumenical Temple.
  6201 | D:6      | Found a radiant altar of Vehumet.
  6205 | D:6      | Reached skill level 5 in Axes
  6249 | D:6      | Found a hide-covered altar of Uskayaw.
  6252 | D:6      | Found an opulent altar of Gozag.
  6313 | D:7      | Reached skill level 5 in Armour
  6334 | D:7      | Noticed a hippogriff
  6346 | D:7      | Killed a hippogriff
  6346 | D:7      | Reached skill level 5 in Invocations
  6416 | D:7      | Reached skill level 1 in Throwing
  6455 | D:7      | Identified a scroll of acquirement
  6456 | D:7      | Found the +10 Black Knight's horse barding {ponderous,
                  | rPois rN+}
  6498 | D:7      | Reached **** piety under Lugonu
  6596 | D:7      | Reached XP level 9. HP: 73/73 MP: 11/13
  6729 | D:7      | You fall through a shaft!
  6896 | D:7      | Reached skill level 5 in Fighting
  7787 | D:8      | Found a burning altar of Makhleb.
  8096 | D:9      | Found a staircase to the Lair.
  8317 | D:9      | Found a basalt altar of Yredelemnul.
  8327 | D:9      | Noticed a two-headed ogre
  8335 | D:9      | Reached XP level 10. HP: 73/83 MP: 14/14
  8348 | D:9      | Killed a two-headed ogre
  8506 | D:9      | Found an opulent altar of Gozag.
  8543 | D:9      | Reached ***** piety under Lugonu
  8764 | D:9      | Found Peennos's Gadget Emporium.
  9043 | D:10     | Entered Level 10 of the Dungeon
  9110 | Lair:1   | Entered Level 1 of the Lair of Beasts
  9360 | Lair:1   | Noticed a spiny frog
  9361 | Lair:1   | Noticed a spiny frog
  9375 | Lair:1   | Killed a spiny frog
  9375 | Lair:1   | Reached XP level 11. HP: 75/92 MP: 16/16
 10576 | Lair:2   | Noticed a four-headed hydra
 10579 | Lair:2   | Banished a four-headed hydra
 10579 | Lair:2   | Reached skill level 10 in Axes
 11513 | Lair:3   | Noticed a six-headed hydra
 11515 | Lair:3   | Banished a six-headed hydra
 11892 | Lair:3   | Reached XP level 12. HP: 101/101 MP: 18/18
 12782 | Lair:4   | Found a staircase to the Snake Pit.
 12948 | Lair:4   | Noticed Nessos
 13416 | Lair:4   | Killed Nessos
 13919 | Lair:4   | Noticed Kirke
 14298 | Lair:4   | Killed Kirke
 14457 | Lair:4   | Found a staircase to the Shoals.
 15460 | Lair:5   | Found a transporter.
 15508 | Lair:5   | Found a transporter.
 15514 | Lair:5   | Reached skill level 10 in Invocations
 15647 | Lair:5   | Got a warped cloak
 15688 | Lair:5   | Identified the +2 cloak of Oblivion {rF+} (You found it on
                  | level 5 of the Lair of Beasts)
 16311 | Lair:6   | Entered Level 6 of the Lair of Beasts
 16505 | Lair:6   | Found a staircase to the Slime Pits.
 16507 | Lair:6   | Found a viscous altar of Jiyva.
 16553 | Lair:6   | Reached XP level 13. HP: 70/111 MP: 20/20
 16578 | Lair:6   | HP: 5/111 [poisoned by a black mamba]
 17629 | Lair:6   | Noticed a fire dragon
 17629 | Lair:6   | Reached skill level 10 in Armour
 17718 | Lair:6   | Found a large runed door.
 17718 | Lair:6   | Found a large runed door.
 17756 | Lair:6   | Killed a fire dragon
 18567 | D:10     | Found a staircase to the Orcish Mines.
 18832 | D:11     | Got a faintly glowing war axe
 18833 | D:11     | Identified the +7 war axe of Disgust {chop, Str+4 Dex+5}
                  | (You found it on level 11 of the Dungeon)
 20027 | D:12     | Got a heavily runed brass ring
 20346 | D:13     | Found Xaesac's General Store.
 20346 | D:13     | Noticed Urug
 20353 | D:12     | Reached XP level 14. HP: 111/119 MP: 22/22
 20532 | D:13     | Killed Urug
 20563 | D:13     | Bought a scroll of teleportation for 39 gold pieces
 20650 | D:13     | Reached skill level 10 in Fighting
 20825 | D:13     | Noticed Josephine
 20833 | D:13     | Killed Josephine
 21036 | D:13     | Reached ****** piety under Lugonu
 21514 | D:14     | Got a glittering bone ring
 22022 | D:14     | Gained mutation: You are agile. (Dex +2) [potion of
                  | mutation]
 22022 | D:14     | Gained mutation: You are partially covered in icy blue
                  | scales. (AC +2) [potion of mutation]
 22153 | D:14     | Noticed Azrael
 22177 | D:14     | Killed Azrael
 22338 | D:14     | Found a glowing golden altar of the Shining One.
 22716 | D:14     | Found a gate to the Vaults.
 22758 | D:15     | Entered Level 15 of the Dungeon
 22760 | D:15     | Found a staircase to the Depths.
 22760 | D:15     | Noticed a fire giant
 22789 | D:15     | Killed a fire giant
 22912 | D:15     | Reached skill level 1 in Shields
 23245 | D:15     | Noticed Agnes
 23294 | Abyss:1  | Noticed a starcursed mass
 23317 | Abyss:1  | HP: 3/122 [large abomination (11)]
 23377 | Abyss:1  | Noticed a starcursed mass
 23380 | D:15     | Escaped the Abyss
 23387 | D:15     | Killed Agnes
 23387 | D:15     | Reached XP level 15. HP: 83/128 MP: 21/24
 23649 | D:15     | Found a white marble altar of Elyvilon.
 24242 | Orc:1    | Entered Level 1 of the Orcish Mines
 24249 | Orc:1    | Found a bloodstained altar of Trog.
 24693 | Orc:1    | Found a roughly hewn altar of Beogh.
 24857 | Orc:2    | Entered Level 2 of the Orcish Mines
 24881 | Orc:2    | Found a labyrinth entrance.
 24890 | Lab      | Entered a labyrinth
 25356 | Lab      | Found an exit through the horrors of the Abyss.
 25368 | Lab      | Took an exit into the Abyss.
 25368 | Abyss:1  | Escaped into the Abyss
 25368 | Abyss:1  | Found a corrupted altar of Lugonu.
 25614 | Abyss:1  | Noticed a green draconian monk
 25640 | Abyss:1  | Killed a green draconian monk
 25672 | Orc:2    | Escaped the Abyss
 25856 | Orc:2    | Found a staircase to the Elven Halls.
 26158 | Orc:2    | Found a roughly hewn altar of Beogh.
 26163 | Orc:2    | Found Wiklem's Antique Weapon Emporium.
 26204 | Orc:2    | Bought a slimy war axe for 178 gold pieces
 26204 | Orc:2    | Identified the +6 war axe "Globulus" {freeze, *Drain rC+
                  | MR+} (You bought it in a shop on level 2 of the Orcish
                  | Mines)
 26207 | Orc:2    | Bought a glowing war axe for 136 gold pieces
 26353 | Orc:2    | Got a pitted hat
 26366 | Orc:2    | Identified the +2 hat "Pynaeck" {rC+ SInv} (You found it on
                  | level 2 of the Orcish Mines)
 26485 | Orc:2    | Noticed an orc warlord
 26950 | Orc:2    | Found Oruohe Nuorph's Antique Weapon Boutique.
 26951 | Orc:2    | Found a roughly hewn altar of Beogh.
 26955 | Orc:2    | Found Aluczipn's Antique Armour Shop.
 27087 | Orc:2    | Found a roughly hewn altar of Beogh.
 27087 | Orc:2    | Found Zebbid's Armour Shop.
 27209 | Orc:2    | Found a roughly hewn altar of Beogh.
 27250 | Orc:2    | Found a roughly hewn altar of Beogh.
 27316 | Orc:2    | Found a roughly hewn altar of Beogh.
 27499 | Orc:1    | Killed an orc warlord
 27563 | Orc:2    | Bought a pair of embroidered gloves for 225 gold pieces
 27757 | Snake:1  | Entered Level 1 of the Snake Pit
 27986 | Snake:1  | Reached skill level 15 in Axes
 28202 | Snake:1  | Found Mathe's Magic Scroll Shop.
 28208 | Snake:1  | Bought a scroll of blinking for 90 gold pieces
 28208 | Snake:1  | Bought a scroll of enchant armour for 90 gold pieces
 28208 | Snake:1  | Bought a scroll of teleportation for 36 gold pieces
 28208 | Snake:1  | Bought a scroll of teleportation for 36 gold pieces
 28208 | Snake:1  | Bought a scroll of enchant weapon for 90 gold pieces
 28208 | Snake:1  | Bought a scroll of enchant weapon for 90 gold pieces
 29408 | Snake:2  | Reached XP level 16. HP: 92/138 MP: 20/26
 29445 | Snake:2  | Got a warped great sword
 29446 | Snake:2  | Identified the cursed +0 great sword "Wodel" {protect, MR+}
                  | (You found it on level 2 of the Snake Pit)
 29449 | Snake:2  | Identified the ring "Puper" {rPois rF+ Dex+2} (You found it
                  | on level 12 of the Dungeon)
 29452 | Snake:2  | Identified the ring "Paomp" {*Tele MR- Str+9} (You found it
                  | on level 14 of the Dungeon)
 30497 | Snake:2  | Found a runed gate.
 30498 | Snake:2  | Found a runed gate.
 30499 | Snake:2  | Found a runed gate.
 30501 | Snake:2  | Noticed hurdos's ghost (adept DDBe)
 30571 | Snake:2  | Killed hurdos's ghost
 30605 | Snake:2  | Got a transparent ivory amulet
 30706 | Snake:2  | Identified the amulet of Kikuicluugh {Acrobat Dex+4} (You
                  | found it on level 2 of the Snake Pit)
 30815 | Snake:2  | Found Wifeuxi's Gadget Boutique.
 30816 | Snake:2  | Found Tamyanall's Jewellery Emporium.
 30816 | Snake:2  | Found Calip's Jewellery Emporium.
 30831 | Snake:2  | Bought the ring "Vobost" {rF+ rC+} for 585 gold pieces
 30835 | Snake:2  | Bought the ring of Pessimism {rElec rPois Int+2 Slay+2} for
                  | 511 gold pieces
 31797 | Snake:3  | Got a scintillating amber ring
 31818 | Snake:4  | Entered Level 4 of the Snake Pit
 33160 | Snake:4  | Reached XP level 17. HP: 134/147 MP: 27/27
 33922 | Snake:4  | Reached skill level 5 in Shields
 34332 | Snake:4  | Noticed Vashnia
 34371 | Snake:4  | Killed Vashnia
 34381 | Snake:4  | Got a slimy hat
 34542 | Snake:4  | Identified the +2 hat of Life {MR+} (You found it on level
                  | 4 of the Snake Pit)
 34702 | Snake:4  | Reached skill level 15 in Invocations
 34975 | Snake:4  | Got a serpentine rune of Zot
 35454 | Vaults:1 | Entered Level 1 of the Vaults
 35730 | Vaults:1 | Identified the ring "Hulumimu" {rC+ Int+3} (You found it on
                  | level 3 of the Snake Pit)
 36341 | Vaults:1 | Reached XP level 18. HP: 106/157 MP: 29/29
 36955 | Vaults:1 | Lost mutation: You are partially covered in icy blue
                  | scales. (AC +2) [potion of mutation]
 36955 | Vaults:1 | Lost mutation: You are agile. (Dex +2) [potion of mutation]
 36955 | Vaults:1 | Gained mutation: Your flesh is heat resistant. (rF+)
                  | [potion of mutation]
 36955 | Vaults:1 | Gained mutation: You are partially covered in yellow
                  | scales. (AC +2) [potion of mutation]
 37572 | Vaults:2 | Noticed a lich
 37585 | Vaults:2 | Killed a lich
 37851 | Vaults:2 | Found a glowing silver altar of Zin.
 37967 | Vaults:2 | Found a staircase to the Crypt.
 38937 | Vaults:3 | Paralysed by a wizard for 2 turns
 39439 | Vaults:3 | Reached XP level 19. HP: 136/167 MP: 31/31
 41306 | Vaults:4 | Noticed Mennas
 41422 | Vaults:4 | Killed Mennas
 41637 | Vaults:4 | Noticed Mara
 41645 | Vaults:4 | Noticed Gargoyl's illusion
 41667 | Vaults:4 | Killed Mara
 42096 | Vaults:4 | Reached skill level 15 in Armour
 42463 | Vaults:4 | Found Yla Tieri's Gadget Shoppe.
 42554 | Vaults:4 | Noticed Margery
 42569 | Vaults:4 | Killed Margery
 42815 | Vaults:4 | Reached skill level 15 in Fighting
 42856 | Vaults:4 | Reached XP level 20. HP: 144/178 MP: 32/32
 43225 | Vaults:5 | Entered Level 5 of the Vaults
 43226 | Vaults:5 | Corrupted Vaults:5
 43383 | Crypt:1  | Entered Level 1 of the Crypt
 43445 | Abyss:1  | HP: 3/178 [starcursed mass/accursed screaming (9)]
 43457 | Abyss:1  | HP: 7/178 [starcursed mass/accursed screaming (5)]
 43542 | Abyss:1  | Reached skill level 1 in Long Blades
 43748 | Crypt:1  | Escaped the Abyss
 43774 | Crypt:1  | Noticed Boris
 44159 | Vaults:2 | HP: 2/178 [disintegration (30)]
 44160 | Vaults:2 | Blown up by Boris

Skill      XL: |  1  2  3  4  5  6  7  8  9 10 11 12 13 14 15 16 17 18 19 20 |
---------------+-------------------------------------------------------------+-----
Armour         | 2 3 4 5 6 7 8 9 10 11 12 13 14 15 | 15.3
Axes           | 2 3 4 5 7 9 10 12 13 14 15 16 17 | 17.6
Dodging        | 1 2 |  2.7
Invocations    | 3 4 5 6 7 9 10 11 12 13 14 15 16 17 | 17.0
Fighting       | 4 5 7 9 10 11 12 13 14 15 | 15.2
Throwing       | 1 2 3 |  3.4
Shields        | 1 3 4 6 7 8 |  8.2
Long Blades    | 1 |  1.6

Action                   |  1- 3 |  4- 6 |  7- 9 | 10-12 | 13-15 | 16-18 | 19-21 || total
-------------------------+-------+-------+-------+-------+-------+-------+-------++-------
Melee: Hand axe          |   138 |   153 |   246 |    32 |       |       |       ||   569
       Kick              |    18 |    25 |    95 |   159 |   529 |   631 |   299 ||  1756
       War axe           |       |       |   171 |    43 |  1180 |  1403 |   570 ||  3367
       Battleaxe         |       |       |       |   531 |   264 |       |       ||   795
       Unarmed           |       |       |       |     3 |       |       |       ||     3
       Eudemon blade     |       |       |       |       |       |       |   100 ||   100
Throw: Tomahawk          |       |       |    10 |    11 |     2 |       |       ||    23
       Javelin           |       |       |     1 |     6 |     5 |    15 |     6 ||    33
Invok: Depart the Abyss  |     1 |       |       |       |     2 |       |     1 ||     4
       Bend Space        |       |     1 |       |     2 |     4 |     1 |       ||     8
       Banish            |       |       |       |     4 |    15 |       |     1 ||    20
       Enter the Abyss   |       |       |       |       |     1 |       |     1 ||     2
       Corrupt           |       |       |       |       |       |       |     1 ||     1
  Use: Scroll            |     6 |    11 |     4 |    14 |    11 |    10 |     3 ||    59
       Potion            |     1 |       |       |     4 |    14 |     3 |    16 ||    38
 Stab: Distracted        |       |       |       |       |       |       |     1 ||     1
  Eat: Chunk             |     2 |     6 |    10 |     9 |    23 |    14 |     8 ||    72
       Ration            |       |       |     5 |     5 |     7 |     5 |     3 ||    25
Armor: Leather armour    |    89 |       |       |       |       |       |       ||    89
       Ring mail         |    15 |    75 |   107 |       |       |       |       ||   197
       Plate armour      |       |       |   248 |   318 |       |       |       ||   566
       Crystal plate arm |       |       |       |   721 |  1856 |  1129 |   828 ||  4534
Dodge: Dodged            |    72 |    79 |   118 |   106 |    72 |    57 |    73 ||   577
Block: Other             |       |       |       |     9 |       |       |       ||     9
       Reflection        |       |       |       |     2 |       |       |     2 ||     4
       Shield            |       |       |       |       |   387 |   737 |   107 ||  1231
       Buckler           |       |       |       |       |       |       |   153 ||   153
       Rpst.: Eudemon blade |       |       |       |       |       |       |     2 ||     2
